 Dungeon Crawl Stone Soup version 0.27.0 (webtiles) character file.

Game seed: 10161707663000167580

47 inmateoo the Slasher (level 3, 0/22 HPs)
             Began as a Tengu Gladiator on July 31, 2021.
             Slain by a giant cockroach (1 damage)
             ... on level 2 of the Dungeon.
             The game lasted 00:01:03 (1055 turns).

inmateoo the Slasher (Tengu Gladiator)              Turns: 1055, Time: 00:01:03

Health: 0/22       AC:  4    Str: 14    XL:     3   Next: 70%
Magic:  4/4        EV: 13    Int:  8    God:
Gold:   44         SH:  0    Dex: 16    Spells: 2/2 levels left

rFire    . . .     SeeInvis .   a - +0 long sword
rCold    . . .     Faith    .   (no shield)
rNeg     . . .     Spirit   .   b - +0 leather armour
rPois    .         Reflect  .   c - +0 hat
rElec    .         Harm     .   (no cloak)
rCorr    .         Rampage  .   h - +0 pair of gloves
Will     .....                  (boots unavailable)
Stlth    +.........             (no amulet)
HPRegen  0.07/turn              (no ring)
MPRegen  0.09/turn              (no ring)

@: no status effects
A: beak, talons 3
a: no special abilities


You were on level 2 of the Dungeon.
You visited 1 branch of the dungeon, and saw 2 of its levels.

You collected 44 gold pieces.

Inventory:

Hand Weapons
 a - a +0 long sword (weapon)
Missiles
 d - 3 throwing nets (quivered)
Armour
 b - a +0 leather armour (worn)
 c - a +0 hat (worn)
 h - a +0 pair of gloves (worn)
Jewellery
 e - a ring of magical power
 k - a ring of willpower
Scrolls
 i - a scroll of enchant armour {unknown}
 j - a scroll of identify {unknown}
 l - a scroll of magic mapping {unknown}
Potions
 f - a potion of haste {unknown}
 g - a potion of curing


   Skills:
 + Level 2.7 Fighting
 + Level 3.9 Long Blades
 - Level 2.0 Throwing
 + Level 3.9 Dodging


You had 2 spell levels left.
You didn't know any spells.
Your spell library contained the following spells:

 Spells                   Type           Power      Damage    Failure   Level
 Call Canine Familiar     Summ           0%         N/A       86%         3
 Portal Projectile        Hex/Tloc       0%         N/A       86%         3
 Summon Guardian Golem    Hex/Summ       0%         N/A       86%         3
 Leda's Liquefaction      Hex/Erth       0%         N/A       99%         4
 Orb of Destruction       Conj           0%         N/A       100%        7
 Spellforged Servitor     Conj/Summ      0%         N/A       100%        7


Dungeon Overview and Level Annotations

Branches:
Dungeon (2/15)

Altars:


Innate Abilities, Weirdness & Mutations

You have a beak for a mouth.
You have claws for feet.


Message History

Natasha stares at you and mumbles some strange words.
The magic dart hits you.
* * * LOW HITPOINT WARNING * * *
The hobgoblin closely misses you.
Unknown command.
You barely miss Natasha. You claw Natasha.
You kill Natasha!
Natasha screams in pain as she dies!
The hobgoblin hits you.
* * * LOW HITPOINT WARNING * * *
You have reached level 3!
Your experience leads to an increase in your attributes!
Increase (S)trength, (I)ntelligence, or (D)exterity?
You feel agile. The hobgoblin barely misses you.
You riposte.
You hit the hobgoblin but do no damage.
The hobgoblin is moderately wounded.
You climb downwards.
The giant cockroach closely misses you.
You riposte.
You closely miss the giant cockroach.
The giant cockroach bites you but does no damage.
There is a stone staircase leading up here.
You barely miss the hobgoblin. You claw the hobgoblin.
You kill the hobgoblin!
The giant cockroach barely misses you.
You closely miss the giant cockroach.
The giant cockroach waves its antennae.
The giant cockroach closely misses you.
You riposte.
You hit the giant cockroach but do no damage.
Your kick misses the giant cockroach.
You hit the giant cockroach but do no damage.
You peck the giant cockroach, but do no damage.
The giant cockroach bites you.
* * * LOW HITPOINT WARNING * * *
The giant cockroach closely misses you.
You closely miss the giant cockroach.
The giant cockroach bites you but does no damage.
You see here a hobgoblin corpse.
The giant cockroach bites you but does no damage.
The giant cockroach bites you.
You die...

#..............#
#......####.....
#.w.............
#.....####.....
####.....##
#....<....##..
#...†........#
#...B.......##
############@.....###
#.....<...##.######
#.........##.#
#............#
#.........####
#.........#
#.........#
###########


You could see a worm and a giant cockroach.

Vanquished Creatures
  Natasha (D:1)
  A dart slug (D:1)
  A bat (D:1)
  A giant cockroach (D:1)
  2 goblins (D:1)
  4 hobgoblins
  A jackal (D:1)
  2 quokkas (D:1)
  2 ball pythons (D:1)
  A frilled lizard (D:1)
  2 kobolds (D:1)
  2 rats (D:1)
20 creatures vanquished.

Vanquished Creatures (others)
  A fungus (D:1)
  2 plants (D:1)
3 creatures vanquished.

Grand Total: 23 creatures vanquished

Notes
Turn   | Place    | Note
-------+----------+-------------------------------------------
     0 | D:1      | inmateoo the Tengu Gladiator began the quest for the Orb.
     0 | D:1      | Reached XP level 1. HP: 12/12 MP: 2/2
   279 | D:1      | Reached XP level 2. HP: 7/17 MP: 3/3
   610 | D:1      | Found a faded altar of an unknown god.
  1027 | D:2      | Noticed Natasha
  1036 | D:2      | Noticed a crimson imp
  1046 | D:1      | Killed Natasha
  1047 | D:1      | Reached XP level 3. HP: 2/22 MP: 4/4
  1051 | D:2      | HP: 1/22 [giant cockroach (1)]
  1055 | D:2      | Slain by a giant cockroach

Illustrated notes

Levels and vault maps discovered:
D:1:      dpeg_arrival_houses_and_road, layout_loops_ring,
          shapermc_ecumenical_altar_acropolis,
          hangedman_abyss_or_decor_lesser_grid
D:2:      layout_rooms, basic_altar, uniq_natasha

Action                   || total
-------------------------++-------
Melee: Long sword        ||    37
       Kick              ||    10
       Peck              ||     8
  Use: Potion            ||     1
 Stab: Sleeping          ||     1
Armor: Leather armour    ||    17
Dodge: Dodged            ||    36
       Rpst.: Long sword ||    10
